 Dungeon Crawl Stone Soup version 0.29.1-13-g9f3cf754e1 (webtiles) character file.

Game seed: 12807890230168074319

19 croobank the Sneak (level 2, -4/21 HPs)
             Began as an Octopode Delver on Jan 21, 2023.
             Slain by a kobold
             ... wielding a +5 dagger of venom
              (7 damage)
             ... on level 2 of the Dungeon.
             The game lasted 00:02:17 (437 turns).

croobank the Sneak (Octopode Delver)                 Turns: 437, Time: 00:02:18

Health: -4/21      AC:  1    Str: 11    XL:     2   Next: 75%
Magic:  2/2        EV: 13    Int: 12    God:
Gold:   5          SH:  0    Dex: 13    Spells: 1/1 levels left

rFire   . . .      SeeInvis .   g - +0 dagger
rCold   . . .      Faith    .   (no shield)
rNeg    . . .      Spirit   .   (helmet restricted)
rPois   .          Reflect  .   (no amulet)
rElec   .          Harm     .   k - ring of willpower
rCorr   .          Rampage  .   (no ring)
Will    +....                   (no ring)
Stlth   ++++......              (no ring)
HPRegen 0.07/turn               (no ring)
MPRegen 0.08/turn               (no ring)
                                (no ring)
                                (no ring)

@: brilliant, lethally poisoned (-4 -> -9)
A: almost no armour, amphibious, 8 rings, camouflage 1, gelatinous body 1,
(nimble swimmer 1), tentacles
a: no special abilities


You were on level 2 of the Dungeon.
You visited 1 branch of the dungeon, and saw 5 of its levels.

You collected 5 gold pieces.

Inventory:

Hand Weapons
 a - a +0 hand axe
 g - a +0 dagger (weapon)
Jewellery
 k - a ring of willpower (left tentacle)
Wands
 f - a wand of digging (3)
Scrolls
 b - a scroll of fog
 d - a scroll of fear
 h - a scroll of noise {unknown}
 i - a scroll of magic mapping
 j - a scroll of enchant weapon {unknown}
Potions
 e - a potion of haste


   Skills:
 + Level 3.2 Fighting
 + Level 2.3 Axes
 + Level 2.3 Dodging
 + Level 6.8 Stealth


You had one spell level left.
You didn't know any spells.
Your spell library contained the following spells:

 Spells                   Type           Power      Damage    Failure   Level
 Ensorcelled Hibernation  Hex/Ice        0%         N/A       45%         2
 Passwall                 Tmut/Erth      0%         N/A       45%         2
 Swiftness                Air            0%         N/A       69%         3


Dungeon Overview and Level Annotations

Branches:
Dungeon (6/15)
 Temple: D:4-7

Altars:
Vehumet

Shops:
D:4 !


Innate Abilities, Weirdness & Mutations

You cannot wear most types of armour.
You are amphibious.
You can wear up to eight rings at the same time.
Your skin changes colour to match your surroundings (Stealth+).
Your rubbery body absorbs attacks. (AC +1, EV +1)
((You are camouflaged when in or above water. (Stealth+)))
You have tentacles for arms and can constrict up to eight enemies at once.


Message History

HP restored.
There is a stone staircase leading up here.
You climb upwards.
Found a coral ring and a scroll labelled UNYCEWNIGGE.
There is a stone staircase leading down here.
A goblin comes into view. It is wielding a +0 dagger.
You see here a ring of willpower.
k - a ring of willpower (left tentacle)
The hobgoblin shouts!
The kobold shouts!
You hear a shout!
A rat comes into view.
You barely miss the hobgoblin. You grab the hobgoblin.
You constrict the hobgoblin, but do no damage.
The hobgoblin hits you.
You hit the hobgoblin.
The hobgoblin is lightly wounded.
You constrict the hobgoblin, but do no damage.
The hobgoblin barely misses you.
You hit the hobgoblin but do no damage. Your squeeze misses the hobgoblin.
You constrict the hobgoblin. The kobold barely misses you.
The hobgoblin misses you.
You hit the hobgoblin but do no damage.
You squeeze the hobgoblin, but do no damage.
The hobgoblin is moderately wounded.
You constrict the hobgoblin. The hobgoblin misses you.
The kobold hits you with a +5 dagger of venom!
You release your grip on the hobgoblin.
The hobgoblin attacks as you move away! The hobgoblin hits you.
The kobold attacks as you move away!
The kobold hits you with a +5 dagger of venom.
* * * LOW HITPOINT WARNING * * *
You are lethally poisoned!
* * * LOW HITPOINT WARNING * * *
You feel sick.
It was a potion of brilliance.
You feel clever all of a sudden.
* * * LOW HITPOINT WARNING * * *
You feel sick.
The kobold hits you with a +5 dagger of venom!
You die...

#.##..............
#................g
.................
# #........g......
..#..............#
.......r>......#
..........######
.......K#####
..?.....@...#
###########.....
... .


You could see a kobold and a rat.

Vanquished Creatures
  An adder (D:3)
  A worm (D:4)
  An orc (D:3)
  A goblin (D:4)
  A hobgoblin (D:3)
  2 ball pythons (D:3)
  A bat (D:3)
8 creatures vanquished.

Notes
Turn   | Place    | Note
-------+----------+-------------------------------------------
     0 | D:5      | croobank the Octopode Delver began the quest for the Orb.
     0 | D:5      | Reached XP level 1. HP: 16/16 MP: 1/1
     4 | D:6      | Noticed a black bear
    65 | D:4      | Found a radiant altar of Vehumet.
    91 | D:4      | Found Wanon's Distillery.
   110 | D:4      | Noticed an orc priest
   187 | D:3      | Reached XP level 2. HP: 18/21 MP: 2/2
   437 | D:2      | Slain by a kobold

Illustrated notes

Levels and vault maps discovered:
D:2:      layout_rooms, uniq_terence, uniq_jessica
D:3:      layout_basic
D:4:      layout_gridville, overflow_temple_1_default, serial_shops, shop,
          nicolae_figureground_pulse
D:5:      minmay_razor_zed, layout_loops_corners, serial_shops,
          nicolae_square_shop, uniq_menkaure
D:6:      wad_crossroads, layout_rooms, grunt_temple_overflow_diamond,
          chequers_serial_rivers_small_3, chequers_avenue,
          chequers_decorated_corner, uniq_maggie

Action                   || total
-------------------------++-------
Melee: Dagger            ||    19
       Hand axe          ||     2
       Constrict         ||     5
       Tentacles         ||     2
  Use: Scroll            ||     1
       Potion            ||     1
 Stab: Sleeping          ||     2
Armor: Skin              ||     1
Dodge: Dodged            ||    13
